 Dungeon Crawl Stone Soup version 0.28-a0-653-g7e9dba17c3 (webtiles) character file.

Game seed: 12754733677487386729

1418 lawman0 the Covert (level 8, 0/67 HPs)
             Began as a Gnoll Delver on Oct 11, 2021.
             Was a Priest of Elyvilon.
             Slain by Duvessa (3 damage)
             ... on level 4 of the Dungeon.
             The game lasted 00:12:39 (4567 turns).

lawman0 the Covert (Gnoll Delver)                   Turns: 4567, Time: 00:12:41

Health: 0/67       AC:  6    Str:  8 (11) XL:     8   Next: 71%
Magic:  13/13      EV: 13    Int: 13 (15) God:    Elyvilon [***...]
Gold:   220        SH:  4    Dex: 11 (13) Spells: 5/14 levels left

rFire   . . .      SeeInvis .   a - +0 long sword
rCold   . . .      Faith    +   v - +0 buckler
rNeg    . . .      Spirit   .   b - +0 leather armour
rPois   .          Reflect  .   (no helmet)
rElec   .          Harm     .   I - +2 cloak
rCorr   .          Rampage  .   (no gloves)
Will    .....                   (no boots)
Stlth   ++++......              z - amulet of faith
HPRegen 0.21/turn               j - ring of flight
MPRegen 0.13/turn               (no ring)

@: mighty, lethally poisoned (0 -> -9), flying
A: fangs 1, strong nose, distributed training, clever 1
a: Renounce Religion, Lesser Healing, Heal Other, Purification, Divine
Protection


You were on level 4 of the Dungeon.
You worshipped Elyvilon.
Elyvilon was most pleased with you.
You visited 2 branches of the dungeon, and saw 9 of its levels.

You collected 280 gold pieces.
You spent 60 gold pieces at shops.

Inventory:

Hand Weapons
 a - a +0 long sword (weapon)
Missiles
 o - 37 poisoned darts (quivered)
Armour
 b - a +0 leather armour (worn)
 v - a +0 buckler (worn)
 I - a +2 cloak (worn)
Jewellery
 h - an amulet of regeneration
 j - a ring of flight (left hand)
 z - an amulet of faith (around neck)
Wands
 d - a wand of acid (2)
 g - a wand of digging (3)
 n - a wand of flame (7)
 x - a wand of charming (5)
 H - a wand of iceblast (5)
Scrolls
 c - a scroll of fog
 e - a scroll of fear
 i - 3 scrolls of teleportation
 m - a scroll of vulnerability
 t - a scroll of torment {unknown}
 u - a scroll of silence {unknown}
 y - a scroll of brand weapon
 E - a scroll of enchant weapon
Potions
 f - 2 potions of haste
 k - a potion of resistance
 l - 2 potions of brilliance
 q - a potion of might
 r - 2 potions of degeneration
 s - 2 potions of flight {unknown}
 w - a potion of heal wounds {unknown}
 A - 3 potions of curing {unknown}
 B - 2 potions of mutation
 C - 2 potions of attraction {unknown}
 F - a potion of magic {unknown}


   Skills:
 + Level 7.5 Fighting
 + Level 3.5 Short Blades
 + Level 5.8 Long Blades
 + Level 3.5 Axes
 + Level 3.5 Maces & Flails
 + Level 3.5 Polearms
 + Level 3.5 Staves
 + Level 3.5 Slings
 + Level 3.5 Bows
 + Level 3.5 Crossbows
 + Level 3.5 Throwing
 + Level 3.5 Armour
 + Level 5.8 Dodging
 + Level 10.2 Stealth
 + Level 3.5 Shields
 + Level 3.5 Unarmed Combat
 + Level 3.5 Spellcasting
 + Level 2.9 Conjurations
 + Level 2.9 Hexes
 + Level 2.9 Summonings
 + Level 2.9 Necromancy
 + Level 2.9 Translocations
 + Level 2.9 Transmutations
 + Level 2.9 Fire Magic
 + Level 2.9 Ice Magic
 + Level 2.9 Air Magic
 + Level 2.9 Earth Magic
 + Level 2.9 Poison Magic
 + Level 3.9 Invocations
 + Level 3.5 Evocations


You had 5 spell levels left.
You knew the following spells:

 Your Spells              Type           Power      Damage    Failure   Level
a - Slow                  Hex            9%         N/A       14%         2
b - Teleport Other        Tloc           9%         N/A       28%         3
c - Gell's Gravitas       Tloc           4%         N/A       28%         3
d - Apportation           Tloc           18%        N/A       10%         1

Your spell library contained the following spells:

 Spells                   Type           Power      Damage    Failure   Level
 Sublimation of Blood     Necr           4%         N/A       14%         2
 Confusing Touch          Hex            9%         N/A       28%         3
 Lesser Beckoning         Tloc           9%         N/A       28%         3
 Petrify                  Tmut/Erth      9%         N/A       67%         4
 Alistair's Intoxication  Tmut/Pois      6%         N/A       95%         5
 Irradiate                Conj/Tmut      4%         3d15      95%         5
 Yara's Violent Unravell  Hex/Tmut       4%         3d4       95%         5
 Invisibility             Hex            4%         N/A       100%        6


Dungeon Overview and Level Annotations

Branches:
Dungeon (8/15)             Temple (1/1) D:6
   Lair: D:8-11

Altars:
Cheibriados
Dithmenos
Elyvilon
Fedhas
Gozag
Hepliaklqana
Kikubaaqudgha
Makhleb
Nemelex Xobeh
Okawaru
Qazlal
Sif Muna
Trog
Uskayaw
Vehumet
Wu Jian
Xom
Zin

Shops:
D:2 =   D:6 ?

Annotations:
D:4 AttackTheMoon's ghost, weakling SpWr; Dowan; Duvessa; Menkaure; Sigmund


Innate Abilities, Weirdness & Mutations

You have very sharp teeth.
Your uncanny sense of smell can sniff out nearby items.
Your experience applies equally to all skills.
Your mind is acute. (Int +2)


Message History

You block Duvessa's attack.
Dowan shouts!
You hit Duvessa.
Duvessa is lightly wounded.
Duvessa hits you with a +2 short sword of venom!
You are poisoned.
Dowan casts a spell.
Dowan blinks!
You block Duvessa's attack.
You feel very mighty all of a sudden.
You feel very sick.
Duvessa hits you with a +2 short sword of venom!
You are lethally poisoned!
You hit Duvessa.
Duvessa is moderately wounded.
You feel extremely sick. You block Duvessa's attack.
You barely miss Duvessa.
Duvessa is moderately wounded.
* * * LOW HITPOINT WARNING * * *
You feel very sick.
Duvessa hits you with a +2 short sword of venom.
* * * LOW HITPOINT WARNING * * *
You hit Duvessa but do no damage.
Duvessa is moderately wounded.
* * * LOW HITPOINT WARNING * * *
You feel very sick. You block Duvessa's attack.
It was a potion of degeneration.
There was something very wrong with that liquid.
You feel weakened.
You feel dopey.
You feel clumsy.
* * * LOW HITPOINT WARNING * * *
You feel very sick. Duvessa closely misses you.
It was a potion of mutation.
You feel extremely strange.
You feel yourself wasting away.
You feel healthier.
You feel clever.
* * * LOW HITPOINT WARNING * * *
You feel sick.
Duvessa gestures with her weapon.
Duvessa hits you with a +2 short sword of venom.
You die...

#.# #.# #e# .#
#.# ########.#
.#
..###......#e#
.#
..##.###.#.#.###
.# ..#.##
##..#... .#
...[# #..#.# .#
..#.#
#....#####.#
.###.#
#.#....ee@..# ##
...[##.#.####..#
## .### #...#
#.## ... .#
#..## #.# ### ##
#..# #.# #...
..# .... #.#
##.. #.#


You could see Duvessa and Dowan.

Vanquished Creatures
  A centaur zombie (D:6)
  A steam dragon (D:6)
  A necrophage (D:6)
  A bullfrog (D:7)
  A scorpion (D:6)
  A gnoll sergeant (D:8)
  A wyvern skeleton (D:6)
  3 jellies
  An orc priest (D:8)
  Crazy Yiuf (D:2)
  3 centaur skeletons
  2 orc wizards
  Ijyb (D:3)
  2 iguanas
  A killer bee zombie (D:8)
  2 gnolls
  A howler monkey skeleton (D:7)
  5 adders
  An adder skeleton (D:2)
  2 worms
  5 dart slugs
  2 orcs (D:8)
  3 endoplasms
  7 giant cockroaches
  7 goblins
  8 hobgoblins
  10 jackals
  5 ball pythons
  5 bats
  6 frilled lizards
  5 kobolds
  4 rats
99 creatures vanquished.

Vanquished Creatures (collateral kills)
  4 gnolls (D:8)
4 creatures vanquished.

Vanquished Creatures (others)
  A bat (D:3)
1 creature vanquished.

Grand Total: 104 creatures vanquished

Notes
Turn   | Place    | Note
-------+----------+-------------------------------------------
     0 | D:5      | Reached skill level 9 in Stealth
     0 | D:5      | lawman0 the Gnoll Delver began the quest for the Orb.
     0 | D:5      | Reached XP level 1. HP: 23/23 MP: 1/1
    49 | D:5      | Reached XP level 2. HP: 29/29 MP: 2/2
    88 | D:5      | Reached skill level 1 in Invocations
    88 | D:5      | Reached XP level 3. HP: 16/35 MP: 2/4
   123 | D:5      | Reached skill level 1 in Short Blades
   123 | D:5      | Reached skill level 1 in Axes
   123 | D:5      | Reached skill level 1 in Maces & Flails
   123 | D:5      | Reached skill level 1 in Polearms
   123 | D:5      | Reached skill level 1 in Staves
   123 | D:5      | Reached skill level 1 in Slings
   123 | D:5      | Reached skill level 1 in Bows
   123 | D:5      | Reached skill level 1 in Crossbows
   123 | D:5      | Reached skill level 1 in Throwing
   123 | D:5      | Reached skill level 1 in Armour
   123 | D:5      | Reached skill level 1 in Shields
   123 | D:5      | Reached skill level 1 in Unarmed Combat
   123 | D:5      | Reached skill level 1 in Spellcasting
   123 | D:5      | Reached skill level 1 in Evocations
   123 | D:5      | Reached XP level 4. HP: 12/41 MP: 5/5
   448 | D:5      | Reached skill level 1 in Conjurations
   448 | D:5      | Reached skill level 1 in Hexes
   448 | D:5      | Reached skill level 1 in Summonings
   448 | D:5      | Reached skill level 1 in Necromancy
   448 | D:5      | Reached skill level 1 in Translocations
   448 | D:5      | Reached skill level 1 in Transmutations
   448 | D:5      | Reached skill level 1 in Fire Magic
   448 | D:5      | Reached skill level 1 in Ice Magic
   448 | D:5      | Reached skill level 1 in Air Magic
   448 | D:5      | Reached skill level 1 in Earth Magic
   448 | D:5      | Reached skill level 1 in Poison Magic
   480 | D:5      | Reached XP level 5. HP: 47/47 MP: 5/7
   513 | D:5      | You are sucked into a shaft and drop 3 floors!
   611 | D:8      | Learned a level 2 spell: Slow
   694 | D:8      | Reached XP level 6. HP: 48/53 MP: 8/8
   709 | D:8      | Reached skill level 5 in Long Blades
   709 | D:8      | Reached skill level 5 in Dodging
   793 | D:7      | Noticed a steam dragon
   878 | D:6      | Reached skill level 10 in Stealth
   878 | D:6      | Reached XP level 7. HP: 55/60 MP: 9/11
  1008 | D:6      | Noticed a steam dragon
  1017 | D:6      | Killed a steam dragon
  1018 | D:6      | Reached XP level 8. HP: 32/67 MP: 12/12
  1050 | D:6      | Found Giangaru's Magic Scroll Emporium.
  1057 | D:6      | Bought a scroll of identify for 24 gold pieces
  1057 | D:6      | Bought a scroll of teleportation for 36 gold pieces
  1067 | D:6      | Found an opulent altar of Gozag.
  1296 | D:6      | Learned a level 3 spell: Teleport Other
  1300 | D:6      | Learned a level 3 spell: Gell's Gravitas
  1337 | D:6      | Found a staircase to the Ecumenical Temple.
  1346 | Temple   | Entered the Ecumenical Temple
  1565 | Temple   | Became a worshipper of Elyvilon the Healer
  1960 | D:4      | Noticed Menkaure
  1999 | D:4      | Noticed Sigmund
  2076 | D:4      | Noticed AttackTheMoon's ghost (weakling SpWr)
  2185 | D:3      | Learned a level 1 spell: Apportation
  2239 | D:3      | Reached * piety under Elyvilon
  2324 | D:2      | Found Rusistri's Jewellery Shoppe.
  2513 | D:1      | You are sucked into a shaft and drop 1 floor!
  2803 | D:1      | Reached ** piety under Elyvilon
  3528 | D:2      | Found a runed translucent door.
  3529 | D:2      | Noticed Crazy Yiuf
  3548 | D:2      | Killed Crazy Yiuf
  3703 | D:3      | Noticed Ijyb
  3712 | D:3      | Killed Ijyb
  3970 | D:3      | Found a snail-covered altar of Cheibriados.
  4533 | D:4      | Reached *** piety under Elyvilon
  4547 | D:4      | Noticed Duvessa
  4550 | D:4      | Noticed Dowan
  4567 | D:4      | Gained mutation: Your body sometimes deteriorates upon
                  | taking damage. [potion of mutation]
  4567 | D:4      | Lost mutation: Your body sometimes deteriorates upon taking
                  | damage. [potion of mutation]
  4567 | D:4      | Gained mutation: Your mind is acute. (Int +2) [potion of
                  | mutation]
  4567 | D:4      | HP: 3/67 [poisoned by Duvessa]
  4567 | D:4      | Slain by Duvessa

Illustrated notes

Levels and vault maps discovered:
D:1:      minmay_arrival_widening_spiral_wide, layout_basic, st_stairs_6
D:2:      layout_basic, serial_shops, nicolae_shop_window_shopping,
          minmay_pentomino_s2, uniq_crazy_yiuf_cottage
D:3:      layout_basic, lemuel_crystal_altar, minmay_vboxes, uniq_ijyb
D:4:      layout_loops_ring, gammafunk_ghost_icy, uniq_duvessa, uniq_sigmund,
          uniq_menkaure
D:5:      minmay_inner_zag, layout_basic, serial_shops, shop,
          dk_rats_in_the_wall
D:6:      layout_basic, grunt_gozag_statues, temple_pool_b, serial_shops,
          nicolae_shop_statue_plus
D:7:      layout_basic
D:8:      layout_loops_ring, special_room [special_room_kobold], uniq_harold
Temple:   eino_temple_rhombus

Skill      XL: |  1  2  3  4  5  6  7 |
---------------+----------------------+-----
Stealth        | 10 | 10.2
Invocations    | 1 2 3 |  3.9
Short Blades   | 1 2 3 |  3.5
Axes           | 1 2 3 |  3.5
Maces & Flails | 1 2 3 |  3.5
Polearms       | 1 2 3 |  3.5
Staves         | 1 2 3 |  3.5
Slings         | 1 2 3 |  3.5
Bows           | 1 2 3 |  3.5
Crossbows      | 1 2 3 |  3.5
Throwing       | 1 2 3 |  3.5
Armour         | 1 2 3 |  3.5
Shields        | 1 2 3 |  3.5
Unarmed Combat | 1 2 3 |  3.5
Spellcasting   | 1 2 3 |  3.5
Evocations     | 1 2 3 |  3.5
Conjurations   | 1 2 |  2.9
Hexes          | 1 2 |  2.9
Summonings     | 1 2 |  2.9
Necromancy     | 1 2 |  2.9
Translocations | 1 2 |  2.9
Transmutations | 1 2 |  2.9
Fire Magic     | 1 2 |  2.9
Ice Magic      | 1 2 |  2.9
Air Magic      | 1 2 |  2.9
Earth Magic    | 1 2 |  2.9
Poison Magic   | 1 2 |  2.9
Long Blades    | 5 |  5.8
Dodging        | 5 |  5.8
Fighting       | 7 |  7.5

Action                   |  1- 3 |  4- 6 |  7- 9 || total
-------------------------+-------+-------+-------++-------
Melee: Falchion          |     3 |    54 |       ||    57
       Bite              |       |    10 |    24 ||    34
       Long sword        |       |    27 |   270 ||   297
       Punch             |       |     1 |     1 ||     2
Throw: Dart              |       |       |     1 ||     1
 Cast: Slow              |       |       |     3 ||     3
       Teleport Other    |       |       |     2 ||     2
Invok: Heal Other        |       |       |     7 ||     7
       Lesser Healing    |       |       |     1 ||     1
Evoke: Wand              |     5 |     2 |     7 ||    14
  Use: Scroll            |     1 |     1 |     7 ||     9
       Potion            |       |       |     3 ||     3
 Stab: Sleeping          |       |     6 |    34 ||    40
       Paralysed         |       |       |     6 ||     6
       Distracted        |       |       |     1 ||     1
Armor: Leather armour    |     1 |    35 |    61 ||    97
Dodge: Dodged            |     4 |    77 |   188 ||   269
Block: Buckler           |       |       |    55 ||    55

Table legend: (Time is in decaauts)
 A = Elapsed time spent in this place.
 B = Non-inter-level travel time spent in this place.
 C = Inter-level travel time spent in this place.
 D = Time resting spent in this place.
 E = Time spent auto-exploring this place.
 F = Levels seen in this place.
 G = Mean time per level.
                   A        B        C        D        E       F      G
               +--------+--------+--------+--------+--------+-----+--------+
         Total |   4611 |   4466 |    145 |    430 |   2437 |   9 |  512.3 |
       Dungeon |   4380 |   4245 |    135 |    430 |   2303 |   8 |  547.5 |
        Temple |    230 |    220 |     10 |      0 |    134 |   1 |  230.0 |
               +--------+--------+--------+--------+--------+-----+--------+

Top non-repeatable levels by time:
     D:3: 995 daAuts
     D:6: 846 daAuts
     D:2: 723 daAuts
     D:1: 690 daAuts
     D:5: 544 daAuts
     D:4: 257 daAuts
     D:8: 242 daAuts
  Temple: 230 daAuts
     D:7: 79 daAuts
